General information
			
			
        
        - name: BNet
 
        - type: Ladder 1vs1/FFA
 
        - host: Battle.net
 
        - saver: Asx
 
        
map: Mur'gulOasis 
        - players: 4
 
        - length: 26:22
 
        - speed: Fast
 - version: 1.22 W3XP
 - replay type:  Public
 
» download(159 KB)
Players
        team 1 (loser) 
              
              
» 
Player 1 (
purple | 54 APM | 1219 actions | 22:43)
              
 4 Archmage 
 2 Summon Water Elemental
 2 Brilliance Aura
 3 Mountain King 
 2 Storm Bolt
 1 Bash
 3 Paladin 
 2 Holy Light
 1 Divine Shield
 
                » actions 
                
                | Assign group hotkey | 14 |  | 
| Basic commands | 164 |  | 
| Build / train | 68 |  | 
| Enter build submenu | 30 |  | 
| Enter hero's abilities submenu | 10 |  | 
| Give item / drop item | 1 |  | 
| Right click | 397 |  | 
| Select / deselect | 350 |  | 
| Select group hotkey | 114 |  | 
| Use ability | 71 |  | 
                1219 total
 » units 
                
                | Peasant | 10 |  | 
| Footman | 4 |  | 
| Rifleman | 10 |  | 
| Priest | 2 |  | 
| Sorceress | 2 |  | 
| Mortar Team | 4 |  | 
| Spell Breaker | 1 |  | 
| Flying Machine | 1 |  | 
| Dragonhawk Rider | 6 |  | 
                40 total
 » upgrades
                
                | Long Rifles | 1 |  | 
| Lumber Harvesting | 1 |  | 
| Flare | 1 |  | 
| Fragmentation Shards | 1 |  | 
| Priest Training | 1 |  | 
| Cloud | 1 |  | 
                6 total
 » buildings
                
                | Barracks | 1 |  | 
| Farm | 12 |  | 
| Scout Tower | 5 |  | 
| Altar of Kings | 1 |  | 
| Lumber Mill | 1 |  | 
| Keep | 1 |  | 
| Guard Tower | 3 |  | 
| Blacksmith | 1 |  | 
| Arcane Tower | 2 |  | 
| Arcane Sanctum | 1 |  | 
| Workshop | 1 |  | 
| Arcane Vault | 1 |  | 
| Castle | 1 |  | 
| Gryphon Aviary | 2 |  | 
| Town Hall | 1 |  | 
                34 total
 » build order
                00:10 Barracks
00:21 Farm
00:24 Scout Tower
00:36 Altar of Kings
01:22 Farm
01:51 Lumber Mill
01:59 Farm
02:02 Scout Tower
03:12 Keep
03:27 Guard Tower
03:40 Guard Tower
03:51 Scout Tower
04:02 Blacksmith
04:22 Arcane Tower
06:13 Farm
06:16 Farm
06:59 Arcane Sanctum
07:05 Workshop
07:13 Farm
07:26 Arcane Vault
08:24 Castle
10:00 Farm
10:02 Farm
10:06 Farm
15:50 Farm
15:55 Gryphon Aviary
16:02 Gryphon Aviary
17:10 Town Hall
18:03 Farm
18:08 Scout Tower
18:11 Scout Tower
18:37 Guard Tower
18:39 Arcane Tower
20:32 Farm
» items
                 
               team 2 (loser) 
              
              
Player 2 (
red | 163 APM | 2564 actions | 15:42)
              
 3 Archmage 
 2 Summon Water Elemental
 1 Brilliance Aura
 2 Mountain King 
 1 Storm Bolt
 1 Bash
 
                » actions 
                
                | Assign group hotkey | 186 |  | 
| Basic commands | 361 |  | 
| Build / train | 69 |  | 
| ESC pressed | 2 |  | 
| Enter build submenu | 23 |  | 
| Enter hero's abilities submenu | 5 |  | 
| Give item / drop item | 1 |  | 
| Right click | 985 |  | 
| Select / deselect | 385 |  | 
| Select group hotkey | 459 |  | 
| Use ability | 88 |  | 
                2564 total
 » units 
                
                | Peasant | 8 |  | 
| Footman | 10 |  | 
| Gryphon Rider | 4 |  | 
| Knight | 7 |  | 
                29 total
 » upgrades
                
                | Swords | 2 |  | 
| Animal War Training | 1 |  | 
                3 total
 » buildings
                
                | Altar of Kings | 2 |  | 
| Farm | 7 |  | 
| Barracks | 1 |  | 
| Keep | 2 |  | 
| Scout Tower | 2 |  | 
| Lumber Mill | 1 |  | 
| Arcane Tower | 2 |  | 
| Arcane Vault | 1 |  | 
| Castle | 4 |  | 
| Guard Tower | 6 |  | 
| Gryphon Aviary | 2 |  | 
| Blacksmith | 1 |  | 
                31 total
 » build order
                00:13 Altar of Kings
00:23 Farm
00:24 Barracks
00:53 Farm
01:46 Farm
02:44 Keep
02:44 Keep
02:48 Scout Tower
03:44 Lumber Mill
04:10 Farm
04:24 Arcane Tower
04:25 Arcane Tower
04:34 Arcane Vault
05:10 Scout Tower
05:31 Castle
05:32 Castle
05:32 Castle
05:39 Guard Tower
06:34 Guard Tower
06:34 Guard Tower
06:40 Gryphon Aviary
06:56 Gryphon Aviary
07:03 Blacksmith
07:06 Farm
12:22 Altar of Kings
12:27 Farm
12:47 Farm
» items
                
                | Scroll of Regeneration | 4 |  | 
| Staff of Sanctuary | 1 |  | 
| Lesser Clarity Potion | 1 |  | 
| Potion of Healing | 1 |  | 
                7 total
  
               team 3 (winner) 
              
              
» 
Asx (
blue | 135 APM | 3566 actions | 26:22)
              
 6 Blademaster 
 3 Wind Walk
 2 Critical Strike
 1 Bladestorm
 6 Tauren Chieftain 
 3 War Stomp
 2 Endurance Aura
 1 Reincarnation
 6 Shadow Hunter 
 3 Hex
 3 Healing Wave
 
                » actions 
                
                | Assign group hotkey | 61 |  | 
| Basic commands | 14 |  | 
| Build / train | 128 |  | 
| Enter build submenu | 25 |  | 
| Enter hero's abilities submenu | 18 |  | 
| Give item / drop item | 9 |  | 
| Remove unit from queue | 4 |  | 
| Right click | 1530 |  | 
| Select / deselect | 575 |  | 
| Select group hotkey | 1051 |  | 
| Use ability | 151 |  | 
                3566 total
 » units 
                
                | Peon | 23 |  | 
| Wind Rider | 19 |  | 
| Shaman | 6 |  | 
| Troll Witch Doctor | 6 |  | 
                54 total
 » upgrades
                
                | Ranged Weapons | 3 |  | 
| Armor | 3 |  | 
| Shaman Training | 2 |  | 
| Envenomed Spears | 1 |  | 
| Witch Doctor Training | 2 |  | 
| Reinforced Defenses | 1 |  | 
                12 total
 » buildings
                
                | Altar of Storms | 1 |  | 
| Orc Burrow | 8 |  | 
| War Mill | 2 |  | 
| Voodoo Lounge | 1 |  | 
| Stronghold | 2 |  | 
| Beastiary | 4 |  | 
| Spirit Lodge | 1 |  | 
| Fortress | 2 |  | 
| Great Hall | 3 |  | 
| Watch Tower | 5 |  | 
                29 total
 » build order
                00:30 Altar of Storms
00:34 Orc Burrow
01:15 War Mill
01:49 Voodoo Lounge
02:41 Orc Burrow
03:00 Stronghold
03:03 Orc Burrow
03:28 Orc Burrow
05:14 Orc Burrow
05:24 Beastiary
05:29 Beastiary
06:55 Spirit Lodge
07:27 Fortress
07:27 Fortress
09:00 Orc Burrow
09:01 Orc Burrow
09:33 Great Hall
13:01 Watch Tower
13:02 Watch Tower
13:03 Watch Tower
13:03 Watch Tower
13:59 War Mill
16:00 Great Hall
17:16 Beastiary
17:17 Beastiary
18:44 Watch Tower
21:43 Great Hall
21:51 Orc Burrow
» items
                
                | Healing Salve | 2 |  | 
| Lesser Clarity Potion | 3 |  | 
| Scroll of Healing | 2 |  | 
| Potion of Lesser Invulnerability | 2 |  | 
| Scroll of Protection | 1 |  | 
| Periapt of Vitality | 1 |  | 
| Circlet of Nobility | 1 |  | 
                12 total
  
               team 4 (loser) 
              
              
Player 4 (
orange | 168 APM | 4413 actions | 26:20)
              
 6 Blademaster 
 3 Wind Walk
 2 Critical Strike
 1 Bladestorm
 4 Shadow Hunter 
 2 Hex
 2 Healing Wave
 2 Tauren Chieftain 
 1 Shockwave
 1 Endurance Aura
 
                » actions 
                
                | Assign group hotkey | 29 |  | 
| Basic commands | 27 |  | 
| Build / train | 101 |  | 
| Enter build submenu | 31 |  | 
| Enter hero's abilities submenu | 12 |  | 
| Give item / drop item | 5 |  | 
| Remove unit from queue | 1 |  | 
| Right click | 1760 |  | 
| Select / deselect | 741 |  | 
| Select group hotkey | 1537 |  | 
| Use ability | 169 |  | 
                4413 total
 » units 
                
                | Peon | 13 |  | 
| Troll Headhunter/Berserker | 16 |  | 
| Kodo Beast | 1 |  | 
| Wind Rider | 2 |  | 
| Shaman | 2 |  | 
| Spirit Walker | 1 |  | 
| Troll Batrider | 6 |  | 
| Tauren | 1 |  | 
| Troll Witch Doctor | 1 |  | 
                43 total
 » upgrades
                
                | Armor | 3 |  | 
| Ranged Weapons | 1 |  | 
| Shaman Training | 2 |  | 
| Reinforced Defenses | 1 |  | 
| War Drums Damage Increase | 1 |  | 
| Berserker Upgrade | 1 |  | 
| Witch Doctor Training | 2 |  | 
| Troll Regeneration | 1 |  | 
| Envenomed Spears | 1 |  | 
| Pulverize | 1 |  | 
                14 total
 » buildings
                
                | Altar of Storms | 1 |  | 
| Orc Burrow | 12 |  | 
| War Mill | 1 |  | 
| Barracks | 1 |  | 
| Voodoo Lounge | 1 |  | 
| Stronghold | 1 |  | 
| Beastiary | 1 |  | 
| Spirit Lodge | 2 |  | 
| Watch Tower | 7 |  | 
| Fortress | 1 |  | 
| Great Hall | 2 |  | 
| Tauren Totem | 1 |  | 
                31 total
 » build order
                00:15 Altar of Storms
00:34 Orc Burrow
00:49 War Mill
01:19 Barracks
01:51 Orc Burrow
02:09 Voodoo Lounge
04:38 Orc Burrow
05:42 Orc Burrow
06:33 Stronghold
08:59 Beastiary
09:04 Spirit Lodge
10:11 Orc Burrow
11:24 Orc Burrow
11:26 Orc Burrow
11:29 Orc Burrow
11:30 Orc Burrow
11:32 Watch Tower
12:04 Watch Tower
12:45 Spirit Lodge
13:49 Fortress
14:35 Great Hall
14:37 Orc Burrow
14:44 Watch Tower
16:02 Watch Tower
16:05 Watch Tower
16:10 Watch Tower
17:19 Tauren Totem
18:34 Great Hall
20:29 Watch Tower
22:53 Orc Burrow
22:58 Orc Burrow
» items
                
                | Healing Salve | 4 |  | 
| Lesser Clarity Potion | 4 |  | 
| Scroll of Town Portal | 1 |  | 
| Potion of Healing | 3 |  | 
| Scroll of Speed | 1 |  | 
| Periapt of Vitality | 1 |  | 
| Scroll of Healing | 2 |  | 
| Scroll of Protection | 2 |  | 
| Potion of Mana | 2 |  | 
| Orb of Lightning | 1 |  | 
                21 total
  
                Chat log
          
(10:39 / All) Player 2: nice teaming
(15:41 / All) Player 2: teaming >> all